AoeStats
← Boxster553

MegaRandom

509946736Analyzed
3v3 RM · 2d ago on Sep 28, 2026· 49m 44s· 6 players
Game mode
Random Map
Map size
Normal (6 player)
Population
200
Speed
Normal
Resources
Standard
Victory
Conquest
Starting age
Dark Age
Ending age
Imperial Age
RankedLock teamsTeams togetherTeam positionsShared explorationLock speedFull tech treeHidden civsTurbo modeCheats
Victory
Defeat
🇦🇷 Berbers · Argentina
1076
+17
🇳🇱 Georgians · Netherlands
1072
+17
🇹🇷 Mongols · Türkiye
1047
+18
🇩🇪 Danes · Germany
1277
-24
🇮🇳 Teutons · India
1089
-17
🇩🇪 Varangians · Germany
941
-11
De Muijl
1:46 Loom
9:03 Feudal Age
9:42 Double-Bit Axe
12:29 Bloodlines
15:44 Wheelbarrow
17:29 Horse Collar
23:33 Castle Age
23:10 Stone Mining
23:13 Gold Mining
23:16 Fletching
24:28 Bow Saw
24:20 Heavy Plow
24:40 Hand Cart
27:31 Hand Cart
27:02 Town Watch
27:57 Light Cavalry
28:38 Husbandry
28:46 Scale Barding Armor
28:52 Forging
32:26 Imperial Age
30:10 Svan Towers
31:38 Stone Shaft Mining
31:41 Chain Barding Armor
31:57 Iron Casting
32:53 Masonry
32:25 Treadmill Crane
33:33 Fervor
33:53 Conscription
32:55 Elite Monaspa
34:11 Elite Skirmisher
34:53 Bodkin Arrow
35:27 Ballistics
36:07 Chemistry
37:56 Bracer
37:57 Padded Archer Armor
39:27 Block Printing
39:45 Conscription
40:04 Hoardings
40:02 Architecture
41:13 Crop Rotation
41:34 Plate Barding Armor
42:00 Blast Furnace
41:16 Leather Archer Armor
41:39 Plate Barding Armor
42:06 Blast Furnace
42:23 Hussar
50:17 Siege Engineers
Mystic Boy
9:52 Loom
11:38 Feudal Age
12:33 Double-Bit Axe
17:14 Castle Age
15:01 Horse Collar
15:07 Horse Collar
15:59 Stone Mining
18:20 Bow Saw
24:02 Fletching
25:01 Heavy Plow
25:09 Gold Mining
27:28 Wheelbarrow
32:02 Imperial Age
31:23 Gold Shaft Mining
30:47 Bodkin Arrow
30:53 Padded Archer Armor
32:20 Bloodlines
33:02 Husbandry
33:04 Bracer
33:20 Leather Archer Armor
32:59 Town Watch
33:32 Hand Cart
34:49 Ballistics
35:36 Masonry
34:50 Light Cavalry
37:24 Chemistry
37:13 Nomads
38:40 Scale Barding Armor
39:04 Elite Mangudai
40:21 Chain Barding Armor
40:54 Hussar
41:48 Forging
44:34 Scale Mail Armor
45:09 Iron Casting
45:34 Conscription
45:54 Hoardings
46:00 Parthian Tactics
46:35 Thumb Ring
46:42 Siege Engineers
Melonauta
9:34 Feudal Age
8:45 Loom
11:24 Double-Bit Axe
18:18 Castle Age
17:40 Gold Mining
17:42 Stone Mining
18:07 Horse Collar
21:25 Bow Saw
26:09 Fletching
26:56 Bodkin Arrow
28:50 Heavy Plow
29:23 Padded Archer Armor
31:24 Leather Archer Armor
32:16 Wheelbarrow
31:29 Town Watch
33:04 Bloodlines
33:04 Husbandry
36:08 Ballistics
38:47 Imperial Age
38:01 Gold Shaft Mining
39:29 Hand Cart
40:30 Chemistry
39:31 Bracer
40:02 Ring Archer Armor
40:50 Conscription
41:41 Maghrebi Camels
42:55 Elite Camel Archer
44:05 Forging
44:01 Scale Barding Armor
49:21 Light Cavalry
50:38 Iron Casting
solmir
6:11 Loom
12:21 Feudal Age
12:50 Double-Bit Axe
12:48 Horse Collar
20:49 Castle Age
19:58 Scale Mail Armor
21:53 Heavy Plow
25:02 Wheelbarrow
25:29 Arson
28:59 Scale Barding Armor
31:32 Forging
31:43 Chain Barding Armor
32:41 Husbandry
33:34 Bloodlines
35:01 Gold Mining
38:57 Imperial Age
37:23 Squires
37:09 Gambesons
39:00 Iron Casting
39:22 Chain Mail Armor
39:28 Elite Jarl
40:30 Conscription
41:38 Blast Furnace
40:31 Gothikon
44:09 Plate Barding Armor
48:09 Ballistics
chessolymp
8:14 Loom
12:09 Feudal Age
12:32 Fishing Lines
19:37 Castle Age
19:16 Scale Mail Armor
19:13 Double-Bit Axe
24:51 Imperial Age
23:17 Squires
23:58 Bow Saw
25:14 Chain Mail Armor
25:54 Fletching
27:05 Gillnets
28:13 Town Watch
28:52 Bodkin Arrow
35:27 Gold Mining
35:31 Stone Mining
36:13 Guard Tower
38:58 Conscription
40:46 Elite Jomsviking
41:30 Bracer
42:07 Masonry
43:49 Plate Mail Armor
43:55 Forging
43:33 Arson
44:41 Gold Shaft Mining
45:08 Pikeman
45:19 Hamask
47:46 Iron Casting
47:37 Capped Ram
49:37 Blast Furnace
49:57 Ballistics
Boxster553
11:28 Feudal Age
15:36 Castle Age
17:16 Double-Bit Axe
17:20 Horse Collar
17:45 Loom
19:41 Heavy Plow
24:28 Wheelbarrow
23:39 Town Watch
24:44 Town Patrol
28:00 Hand Cart
28:44 Fletching
28:55 Padded Archer Armor
29:25 Bodkin Arrow
30:48 Forging
30:39 Scale Mail Armor
31:06 Ballistics
30:57 Masonry
34:14 Imperial Age
31:17 Elite Skirmisher
32:14 Leather Archer Armor
33:42 Bow Saw
35:31 Ring Archer Armor
36:03 Chemistry
35:46 Conscription
36:45 Crop Rotation
37:37 Crenellations
43:53 Elite Teutonic Knight
45:11 Hoardings
45:14 Iron Casting
44:42 Squires
44:29 Arson
49:09 Chain Mail Armor
Connection lost

Rejoining the realm…

Still unreachable

The connection could not be restored.

Session expired

The server has moved on; the page needs a fresh start.